 Dungeon Crawl Stone Soup version 0.28-a0-948-gee6e0bcda6 (webtiles) character file.

Game seed: 16705733767280400288

170 Htamos the Digger (level 5, 0/45 HPs)
             Began as a Ghoul Earth Elementalist on Nov 30, 2021.
             Slain by an orc (2 damage)
             ... on level 4 of the Dungeon.
             The game lasted 00:07:24 (3105 turns).

Htamos the Digger (Ghoul Earth Elementalist)        Turns: 3105, Time: 00:07:24

Health: 0/45       AC:  6    Str:  7 (12) XL:     5   Next: 50%
Magic:  7/7        EV: 11    Int: 10 (11) God:
Gold:   79         SH:  0    Dex:  8 (9)  Spells: 8/9 levels left

rFire   . . .      SeeInvis .   (no weapon)
rCold   + . .      Faith    +   (no shield)
rNeg    + + +      Spirit   .   i - +0 leather armour
rPois   ∞          Reflect  .   (no helmet)
rElec   .          Harm     .   (no cloak)
rCorr   .          Rampage  .   o - +0 pair of gloves
Will    .....                   m - +1 pair of boots
Stlth   +.........              e - amulet of faith
HPRegen 0.00/turn               (no ring)
MPRegen 0.10/turn               (no ring)

@: brilliant, about to teleport, inhibited regen
A: claws 1, cold resistance 1, negative energy resistance 3, inhibited
regeneration, torment resistance 2
a: no special abilities


You were on level 4 of the Dungeon.
You visited 1 branch of the dungeon, and saw 5 of its levels.

You collected 79 gold pieces.

Inventory:

Hand Weapons
 h - a +1 short sword
Missiles
 c - 104 stones
Armour
 b - a +0 robe
 i - a +0 leather armour (worn)
 m - a +1 pair of boots (worn)
 o - a +0 pair of gloves (worn)
Jewellery
 e - an amulet of faith (around neck)
Scrolls
 d - a scroll of holy word {unknown}
 j - a scroll of immolation {unknown}
Potions
 a - 2 potions of resistance
 f - a potion of magic
 l - a potion of mutation


   Skills:
 * Level 3.3 Fighting
 + Level 2.6 Dodging
 - Level 2.1 Stealth
 + Level 2.5 Spellcasting
 - Level 0.8 Transmutations
 + Level 4.1 Earth Magic


You had 8 spell levels left.
You knew the following spells:

 Your Spells              Type           Power      Damage    Failure   Level
a - Sandblast             Erth           28%        2d8       9%          1

Your spell library contained the following spells:

 Spells                   Type           Power      Damage    Failure   Level
 Passwall                 Tmut/Erth      7%         N/A       24%         2
 Stone Arrow              Conj/Erth      16%        3d8       50%         3
 Dazzling Flash           Conj/Hex       2%         N/A       80%         3
 Gell's Gravitas          Tloc           1%         N/A       80%         3
 Lesser Beckoning         Tloc           1%         N/A       80%         3
 Teleport Other           Tloc           1%         N/A       80%         3
 Petrify                  Tmut/Erth      9%         N/A       85%         4
 Iskenderun's Mystic Bla  Conj/Tloc      1%         2d3       99%         4
 Starburst                Conj/Fire      0%         6d3       100%        6


Dungeon Overview and Level Annotations

Branches:
Dungeon (5/15)
 Temple: D:4-7

Altars:

Annotations:
D:3 Grinder, Sigmund
D:4 Edmund


Innate Abilities, Weirdness & Mutations

You thrive by killing the living.
You are immune to poison.
You have sharp fingernails.
Your flesh is cold resistant. (rC+)
You are immune to negative energy. (rN+++)
You do not regenerate when monsters are visible.
You are immune to unholy pain and torment.


Message History

The orc hits you but does no damage. The orc barely misses you.
The orc hits you but does no damage.
The orc wizard hits you with a +1 dagger of holy wrath.
You convulse.
You climb upwards.
Level annotation: Edmund Edmund asks, "Have you met my wondrous brother?"
The iguana bites you.
There is a stone staircase leading down here.
As you read the scroll labelled XELUIH LUZALIRPH, it crumbles to dust.
You feel strangely unstable.
It was a scroll of teleportation.
The iguana bites you. The orc closely misses you.
The orc hits you with a +0 war axe. The orc wizard casts a spell at you.
You resist with some effort. The orc barely misses you.
Unknown command.
It was a potion of mutation.
You feel extremely strange.
Your body decomposes!
You feel weakened.
Your body decomposes!
You feel weakened. The iguana bites you!
* * * LOW HITPOINT WARNING * * *
The orc barely misses you. The orc hits you but does no damage.
The orc wizard casts a spell at you. You resist with some effort.
The orc hits you with a +0 flail!
* * * LOW HITPOINT WARNING * * *
It was a potion of degeneration.
There was something very wrong with that liquid.
You feel weakened.
You feel dopey.
You feel clumsy. The iguana bites you.
* * * LOW HITPOINT WARNING * * *
The orc barely misses you. The orc hits you with a +0 war axe.
* * * LOW HITPOINT WARNING * * *
The orc wizard barely misses you. The orc barely misses you.
Unknown command.
It was a potion of brilliance.
You feel clever all of a sudden. The orc hits you with a +0 mace.
You die...

.. #)..#.#..#...#+
#. #.........## #.
#..#..#....#
#.#####..##.......#
#..#.....####......
####...###.#
##.....
#...@.####.# ###...
#..olo..#.l# ##.
#.oo@##.#.##
####o##....#
#..##...###
##.#..#.>.#
#...####.## #####
#..## ##..###
##...###. ###)..).


You could see Edmund, an iguana, an orc wizard and 4 orcs.

Vanquished Creatures
  A hound (D:4)
  An iguana (D:4)
  5 adders
  2 worms (D:2)
  A dart slug (D:3)
  7 orcs
  4 ball pythons
  7 bats
  3 endoplasms
  A giant cockroach (D:4)
  3 goblins
  9 hobgoblins
  2 quokkas
  2 frilled lizards
  4 kobolds
  A quokka skeleton (D:4)
  2 rats (D:2)
55 creatures vanquished.

Notes
Turn   | Place    | Note
-------+----------+-------------------------------------------
     0 | D:1      | Htamos the Ghoul Earth Elementalist began the quest for the
                  | Orb.
     0 | D:1      | Reached XP level 1. HP: 14/14 MP: 2/2
   440 | D:1      | Reached XP level 2. HP: 22/22 MP: 3/3
   462 | D:1      | Reached skill level 1 in Fighting
   640 | D:1      | Found a faded altar of an unknown god.
  1193 | D:2      | Reached XP level 3. HP: 24/28 MP: 1/5
  1957 | D:3      | Noticed Grinder
  1965 | D:3      | Paralysed by Grinder for 7 turns
  2178 | D:3      | Reached XP level 4. HP: 37/37 MP: 0/6
  2425 | D:3      | Noticed Sigmund
  2486 | D:4      | Reached skill level 4 in Earth Magic
  2486 | D:4      | Reached XP level 5. HP: 44/44 MP: 2/7
  3073 | D:4      | Noticed Edmund
  3073 | D:4      | Noticed a black bear
  3082 | D:5      | Entered Level 5 of the Dungeon
  3104 | D:4      | HP: 2/45 [orc (3)]
  3105 | D:4      | Slain by an orc

Illustrated notes

Levels and vault maps discovered:
D:1:      psy_arrival_fountain, layout_rooms,
          shapermc_ecumenical_altar_mp_ritualfount
D:2:      layout_loops_ring
D:3:      layout_basic, elyvilon_altar_1, jmf_multi_god_temple2,
          cheibrodos_sewer_entry_sluice, minivault_4, minmay_unequal,
          uniq_grinder, uniq_sigmund
D:4:      layout_rooms, nemelex_diamond_rough_becter, serial_shops, shop,
          uniq_edmund
D:5:      layout_basic, led_sif_book, serial_shops, nicolae_shop_trees,
          item_on_display_a

Skill      XL: |  1  2  3  4  5 |
---------------+----------------+-----
Fighting       | 1 2 3 |  3.3
Dodging        | 2 |  2.6
Spellcasting   | 2 |  2.5
Earth Magic    | 4 |  4.1
Stealth        | |  2.1
Transmutations | |  0.8

Action                   |  1- 3 |  4- 6 || total
-------------------------+-------+-------++-------
Melee: Unarmed           |    42 |    21 ||    63
       Short sword       |     4 |       ||     4
 Cast: Sandblast         |    44 |    45 ||    89
  Use: Scroll            |     4 |     1 ||     5
       Potion            |       |     4 ||     4
Armor: Leather armour    |    23 |    16 ||    39
Dodge: Dodged            |    46 |    27 ||    73

Table legend: (Time is in decaauts)
 A = Elapsed time spent in this place.
 B = Non-inter-level travel time spent in this place.
 C = Inter-level travel time spent in this place.
 D = Time resting spent in this place.
 E = Time spent auto-exploring this place.
 F = Levels seen in this place.
 G = Mean time per level.
                   A        B        C        D        E       F      G
               +--------+--------+--------+--------+--------+-----+--------+
         Total |   3107 |   2981 |    126 |    482 |   1835 |   5 |  621.4 |
       Dungeon |   3107 |   2981 |    126 |    482 |   1835 |   5 |  621.4 |
               +--------+--------+--------+--------+--------+-----+--------+

Top non-repeatable levels by time:
     D:2: 1170 daAuts
     D:1: 843 daAuts
     D:3: 668 daAuts
     D:4: 421 daAuts
     D:5: 4 daAuts
